 Dungeon Crawl Stone Soup version 0.31-a0-1405-g2bb1a01664 (webtiles) character file.

Game seed: 11981135629998145040

1262 grandjackal the Digger (level 8, -10/46 (52) HPs)
             Began as a Vampire Earth Elementalist on Dec 25, 2023.
             Mangled by a wight
             ... wielding a +3 scimitar
              (12 damage)
             ... on level 6 of the Dungeon.
             The game lasted 00:11:26 (5832 turns).

grandjackal the Digger (Vampire Earth Elementalist) Turns: 5832, Time: 00:11:27

HP:   -10/46 (52)   AC:  4    Str:  7    XL:     8   Next: 27%
MP:   2/11          EV: 12    Int: 20    God:
Gold: 259           SH:  0    Dex: 14    Spells: 4/11 levels left

rFire   + . .        q - +2 dagger (venom)
rCold   . . .        (no shield)
rNeg    + . .        a - +0 robe
rPois   .            (no helmet)
rElec   .            c - +0 cloak
rCorr   .            e - +0 pair of gloves
SInv    +            (no boots)
Will    .....        (no amulet)
Stlth   +++          k - ring of positive energy
HPRegen 0.47/turn    u - ring of protection from fire
MPRegen 0.12/turn

%: no passive effects
@: healing quickly, heavily drained
A: alive, fangs 3, see invisible, vampiric 2
a: Exsanguinate


You were on level 6 of the Dungeon.
You visited 1 branch of the dungeon, and saw 6 of its levels.

You collected 259 gold pieces.

Inventory:

Hand Weapons
 q - a +2 dagger of venom (weapon)
Armour
 a - a +0 robe (worn)
 c - a +0 cloak (worn)
 e - a +0 pair of gloves (worn)
Jewellery
 f - a ring of magical power
 k - a ring of positive energy (left hand)
 u - a ring of protection from fire (right hand)
Wands
 r - a wand of polymorph (4)
Scrolls
 j - 2 scrolls of immolation
 l - a scroll of torment
 m - a scroll of noise {unknown}
 p - 2 scrolls of enchant weapon {unknown}
 s - a scroll of enchant armour {unknown}
 t - a scroll of summoning {unknown}
Potions
 b - 2 potions of magic
 g - 2 potions of enlightenment
 h - a potion of curing
 i - a potion of lignification
 n - a potion of brilliance
 o - a potion of heal wounds
 v - a potion of might


   Skills:
 + Level 5.6 Short Blades
 - Level 2.1 Dodging
 - Level 6.0 Stealth
 - Level 2.0 Spellcasting
 + Level 6.2 Earth Magic
 + Level 6.0 Alchemy


You had 4 spell levels left.
You knew the following spells:

 Your Spells              Type           Power      Damage    Failure   Level
a - Sandblast             Erth           54%        2d13      1%          1
b - Passwall              Alch/Erth      21%        N/A       1%          2
c - Petrify               Alch/Erth      26%        N/A       13%         4

Your spell library contained the following spells:

 Spells                   Type           Power      Damage    Failure   Level
 Stone Arrow              Conj/Erth      28%        3d8       13%         3
 Lesser Beckoning         Tloc           4%         N/A       24%         2
 Brom's Barrelling Bould  Conj/Erth      14%        2d4       41%         4
 Gell's Gravitas          Tloc           2%         N/A       43%         3
 Teleport Other           Tloc           2%         N/A       43%         3
 Tukima's Dance           Hex            2%         N/A       43%         3
 Dimensional Bullseye     Hex/Tloc       1%         N/A       83%         4
 Iskenderun's Mystic Bla  Conj/Tloc      2%         2d3       83%         4
 Manifold Assault         Tloc           2%         N/A       83%         4
 Dispersal                Tloc           1%         N/A       100%        6
 Disjunction              Tloc           1%         N/A       100%        8


Dungeon Overview and Level Annotations

Branches:
Dungeon (6/15)
 Temple: D:4-7

Altars:
Makhleb
Nemelex Xobeh
Xom


Innate Abilities, Weirdness & Mutations

Your natural rate of healing is accelerated.
You have razor-sharp teeth.
You have supernaturally acute eyesight. (SInv)
You are afflicted with vampirism and can become a bat while bloodless.


Message History

Nothing appears to happen.
The wight hits you with a +0 falchion. The wight attacks as it pursues you!
The wight closely misses you.
Casting: Sandblast (safe; 1% risk of failure)
Confirm with . or Enter, or press ? or * to list all spells.
Aiming: Sandblast (safe; 1% risk of failure)
Press: ? - help, Shift-Dir - straight line, f/p - wight
Aim: a wight, wielding a +0 falchion and wearing a +0 robe (almost destroyed, 83% to hit)
The blast of sand hits the wight!
You destroy the wight!
Your Alchemy skill increases to level 6!
Casting: Sandblast (safe; 1% risk of failure)
Confirm with . or Enter, or press ? or * to list all spells.
Aiming: Petrify (quite dangerous; 13% risk of failure)
Press: ? - help, Shift-Dir - straight line, f - wight
Aim: a wight, wielding a +3 scimitar and wearing a +0 robe (chance to affect: 57%)
The wight resists with significant effort.
Unknown command.
The wight hits you with a +3 scimitar. You partially resist.
You feel drained.
Your magical contamination has completely faded away.
The wight attacks as it pursues you! The wight closely misses you.
The wight attacks as it pursues you! The wight hits you with a +3 scimitar!
Found a forked bronze wand.
The wight attacks as it pursues you! The wight hits you with a +3 scimitar!
The wight attacks as it pursues you! The wight hits you with a +3 scimitar.
You partially resist.
You feel drained. The wight attacks as it pursues you!
The wight closely misses you.
Casting: Petrify (quite dangerous; 13% risk of failure)
Confirm with . or Enter, or press ? or * to list all spells.
Aiming: Passwall (safe; 1% risk of failure)
Press: ? - help, Dir - move target, p - wight A rock wall.
The wight hits you with a +3 scimitar! You partially resist.
You feel drained.
You begin to meditate on the wall.
You continue meditating on the rock.
The wight hits you with a +3 scimitar!
* * * LOW HITPOINT WARNING * * *
You partially resist.
You feel drained.
* * * LOW HITPOINT WARNING * * *
You continue meditating on the rock.
The wight hits you with a +3 scimitar!
You die...

## .## ####
#.## ...
##.##
#######.#
###.##
#/..zz@.#
[###.#
#.#####.#
..#.##
#.#####.#
...## #.##..
.. ..##
#.##.# .###.
..###
#.##.##.....
...<#
#.......#
#.#.#
####z#### .#
#.#.# #.# .#


You could see 2 wights.

Vanquished Creatures
  Grinder (D:3)
  Sigmund (D:5)
  Menkaure (D:5)
  A phantom (D:4)
  2 scorpions (D:5)
  A wight (D:6)
  A hound (D:5)
  A jelly (D:6)
  2 bombardier beetles (D:5)
  2 gnoll boudas
  Terence (D:3)
  Jessica (D:2)
  3 iguanas
  9 gnolls
  6 adders
  5 worms (D:2)
  2 dart slugs
  5 orcs
  8 endoplasms
  8 giant cockroaches
  13 goblins
  7 hobgoblins
  A jackal (D:2)
  8 kobolds
  2 quokkas
  3 ball pythons
  3 bats
  2 frilled lizards
  3 rats
103 creatures vanquished.

Notes
Turn   | Place    | Note
-------+----------+-------------------------------------------
     0 | D:1      | grandjackal the Vampire Earth Elementalist began the quest
                  | for the Orb.
     0 | D:1      | Reached XP level 1. HP: 13/13 MP: 3/3
   187 | D:1      | Reached XP level 2. HP: 19/19 MP: 0/5
   970 | D:1      | Learned a level 2 spell: Passwall
  1042 | D:2      | Noticed Jessica
  1046 | D:2      | Killed Jessica
  1047 | D:2      | Reached skill level 1 in Short Blades
  1047 | D:2      | Gained mutation: You are afflicted with vampirism and can
                  | become a bat while bloodless. [Vampire growth]
  1047 | D:2      | Reached XP level 3. HP: 24/24 MP: 4/6
  1293 | D:2      | Reached XP level 4. HP: 30/30 MP: 7/7
  1301 | D:2      | Learned a level 4 spell: Petrify
  2275 | D:3      | Noticed Terence
  2491 | D:3      | Noticed Grinder
  2503 | D:3      | Paralysed by Grinder for 2 turns
  2519 | D:3      | Killed Grinder
  2520 | D:3      | Reached skill level 5 in Stealth
  2520 | D:3      | Reached XP level 5. HP: 26/35 MP: 1/8
  2520 | D:3      | Reached XP level 6. HP: 30/41 MP: 1/9
  2995 | D:3      | Killed Terence
  3768 | D:5      | Entered Level 5 of the Dungeon
  4059 | D:4      | Reached XP level 7. HP: 46/46 MP: 4/10
  4364 | D:5      | Found a shimmering altar of Xom.
  4398 | D:5      | Reached skill level 5 in Earth Magic
  4409 | D:5      | Found a burning altar of Makhleb.
  4445 | D:5      | Noticed Menkaure
  4451 | D:5      | Killed Menkaure
  4530 | D:5      | Reached skill level 5 in Alchemy
  4572 | D:5      | Noticed Sigmund
  4579 | D:5      | Killed Sigmund
  4580 | D:5      | Reached skill level 5 in Short Blades
  4688 | D:5      | Reached XP level 8. HP: 50/52 MP: 7/11
  5070 | D:5      | Found a sparkling altar of Nemelex Xobeh.
  5831 | D:6      | HP: 2/46 [wight/+3 scimitar (3)]
  5832 | D:6      | Mangled by a wight

Illustrated notes

Levels and vault maps discovered:
D:1:      dpeg_arrival_line_fractal, layout_loops_cross, serial_forest,
          infiniplex_forest_clump_tiny, infiniplex_forest_lined_corner,
          infiniplex_forest_clump_medium, infiniplex_forest_lined_corner,
          infiniplex_forest_lined_2, infiniplex_forest_fountain,
          infiniplex_forest_join, chequers_serial_rivers_micro_d,
          reono_crystal_passage, minmay_door_square
D:2:      kennysheep_six_static_rooms, layout_basic, uniq_jessica
D:3:      layout_basic, uniq_grinder, uniq_terence
D:4:      layout_cave_pools
D:5:      nicolae_cairo_tiling, layout_loops_ring, makhleb_blood_cavern_becter,
          nicolae_overflow_crystal_walls, kennysheep_little_box, uniq_menkaure,
          uniq_sigmund
D:6:      layout_loops_corners, mainiacjoe_overflow_chevrons

Skill      XL: |  1  2  3  4  5  6  7  8 |
---------------+-------------------------+-----
Short Blades   | 1 2 3 5 |  5.6
Stealth        | 4 5 6 |  6.0
Alchemy        | 2 3 4 5 6 |  6.0
Earth Magic    | 4 5 6 |  6.2
Dodging        | |  2.1
Spellcasting   | |  2.0

Action                     |  1- 3 |  4- 6 |  7- 9 || total
---------------------------+-------+-------+-------++-------
  Melee: Unarmed           |     9 |       |       ||     9
         Bite              |     5 |    20 |     1 ||    26
         Dagger            |    41 |   181 |    25 ||   247
         Punch             |       |       |     1 ||     1
   Cast: Sandblast         |    27 |    43 |    34 ||   104
         Passwall          |       |     3 |     2 ||     5
         Petrify           |       |     1 |     2 ||     3
    Use: Scroll            |       |     4 |     7 ||    11
   Stab: Sleeping          |     2 |     7 |     5 ||    14
         Distracted        |       |     1 |       ||     1
 Armour: Robe              |    34 |   118 |    31 ||   183
  Dodge: Dodged            |    34 |   118 |    21 ||   173

Table legend: (Time is in decaauts)
 A = Elapsed time spent in this place.
 B = Non-inter-level travel time spent in this place.
 C = Inter-level travel time spent in this place.
 D = Time resting spent in this place.
 E = Time spent auto-exploring this place.
 F = Levels seen in this place.
 G = Mean time per level.
                   A        B        C        D        E       F      G
               +--------+--------+--------+--------+--------+-----+--------+
         Total |   5859 |   5546 |    313 |    798 |   3591 |   6 |  976.5 |
       Dungeon |   5859 |   5546 |    313 |    798 |   3591 |   6 |  976.5 |
               +--------+--------+--------+--------+--------+-----+--------+

Top non-repeatable levels by time:
     D:2: 1224 daAuts
     D:3: 1212 daAuts
     D:5: 1194 daAuts
     D:1: 1015 daAuts
     D:4: 699 daAuts
     D:6: 512 daAuts
